[Event "Titled Tuesday Blitz May 30 Early 2023"]
[White "Dominguez Rincon, Miller Duvan"]
[Black "Herzog2012"]
[WhiteFideId "4406583"]
[WhiteElo "2013"]
[BlackElo "2395"]
[Result "0-1"]
[Round "08"]
[TimeControl "180+2"]
[Date "2023.05.30"]
[WhiteClock "0:00:00"]
[BlackClock "0:00:02"]

1. e4 c5 2. Nf3 Nc6 3. d4 cxd4 4. Nxd4 Nf6 5. Nc3 d6 6. Bg5 e6 7. Qd2 Be7 8. f4 h6 9. Bxf6 Bxf6 10. Ndb5 O-O 11. Qxd6 Qb6 12. O-O-O Rd8 13. Qa3 Qe3+ 14. Kb1 Rxd1+ 15. Nxd1 Qxe4 16. Bd3 Qxf4 17. Rf1 Qxh2 18. Ne3 Qe5 19. Ng4 Qg5 20. Nxf6+ gxf6 21. Qd6 f5 22. Rf3 Qe7 23. Qg3+ Kh8 24. Qh3 Qf6 25. Nc7 Rb8 26. Ne8 Qg6 27. Rg3 Qh7 28. Nf6 Qg7 29. Rxg7 Kxg7 30. Nh5+ Kf8 31. Qg3 Bd7 32. Bb5 Rc8 33. Qg7+ Ke7 34. Qf6+ Kd6 35. Qxf7 Ne5 36. Qg7 Bxb5 37. Qxh6 Bc6 38. Qd2+ Ke7 39. Qg5+ Kd6 40. Nf6 Nc4 41. Qf4+ Kc5 42. Qf2+ Kb5 43. a4+ Ka6 44. b3 Nb6 45. Qe2+ Ka5 46. Nh5 Bd5 47. Nf4 Be4 48. Qe1+ Ka6 49. Nd3 Bxd3 50. cxd3 Rc6 51. Qe3 Nd5 52. Qe5 Rb6 53. Ka2 Rc6 54. Qd4 b6 55. Qg7 b5 56. axb5+ Kxb5 57. Qe5 Kb6 58. Qd4+ Kb7 59. Qe5 a5 60. Ka3 Kb6 61. Qd4+ Kb7 62. Qh8 Kb6 63. Qd8+ Ka6 64. g3 Rb6 65. Qa8+ Kb5 66. Qe8+ Ka6 67. Qa8+ Kb5 68. Qf8 Rc6 69. Qb8+ Nb6 70. Qf8 Nd5 71. Qe8 Kb6 72. Ka4 Nc3+ 73. Ka3 Nb5+ 74. Kb2 Nd4 75. Qb8+ Kc5 0-1


[Site "https://www.chess.com"]

[Event "Titled Tuesday Blitz May 30 Early 2023"]
[White "Dwilewicz, Katarzyna"]
[Black "Brod, Manfred"]
[WhiteFideId "1148486"]
[BlackFideId "1602110"]
[WhiteElo "2065"]
[BlackElo "2152"]
[Result "1-0"]
[Round "08"]
[TimeControl "180+2"]
[Date "2023.05.30"]
[WhiteClock "0:00:17"]
[BlackClock "0:00:00"]

1. e4 e6 2. Qe2 c5 3. Nf3 Be7 4. g3 d5 5. exd5 exd5 6. Bg2 Nf6 7. O-O O-O 8. d4 Bg4 9. h3 Bh5 10. dxc5 Bxc5 11. Bg5 Qd6 12. Bf4 Qb6 13. Nc3 Nc6 14. Na4 Qa5 15. Nxc5 Qxc5 16. g4 Bg6 17. c3 Rfe8 18. Be3 Qd6 19. Rad1 Rad8 20. Qd2 Ne4 21. Qc1 h5 22. Nh4 hxg4 23. hxg4 Qf6 24. Nxg6 Qxg6 25. g5 Ne5 26. Qc2 Ng4 27. Bf4 Qh5 28. f3 Nxg5 29. fxg4 Nh3+ 30. Bxh3 Qxh3 31. Qg2 Qh7 32. Rfe1 d4 33. cxd4 f5 34. g5 Qg6 35. Be5 Qb6 36. Kh2 Qa5 37. Rf1 Qxa2 38. Rxf5 Qc4 39. Rdf1 Rc8 40. Rf7 Qe6 41. Rxg7+ 1-0


[Site "https://www.chess.com"]

[Event "Titled Tuesday Blitz May 30 Early 2023"]
[White "Lohani, Sujana"]
[Black "Koridze, Lile"]
[WhiteFideId "12311987"]
[BlackFideId "13612514"]
[WhiteElo "1718"]
[BlackElo "2047"]
[Result "0-1"]
[Round "08"]
[TimeControl "180+2"]
[Date "2023.05.30"]
[WhiteClock "0:00:00"]
[BlackClock "0:01:35"]

1. d4 Nf6 2. Nf3 d5 3. c4 e6 4. g3 Bb4+ 5. Bd2 Be7 6. Bg2 O-O 7. O-O c6 8. Qc2 b6 9. Rd1 Bb7 10. Nc3 Nbd7 11. e4 dxe4 12. Nxe4 Nxe4 13. Qxe4 Nf6 14. Qc2 Qc8 15. Bc3 Rd8 16. Re1 Qc7 17. Rad1 c5 18. dxc5 Qxc5 19. Bxf6 Bxf6 20. Ng5 Bxg5 21. Bxb7 Rab8 22. Be4 g6 23. h4 Bf6 24. b3 b5 25. h5 Qxh5 26. Kg2 bxc4 27. Qxc4 Rxd1 28. Bf3 Rd4 29. Qc7 Qb5 30. Rc1 Rd2 31. Qxa7 Bd4 0-1


[Site "https://www.chess.com"]

[Event "Titled Tuesday Blitz May 30 Early 2023"]
[White "Kohler, Aran"]
[Black "February, Jesse Nikki"]
[WhiteFideId "1002856"]
[BlackFideId "14312336"]
[WhiteElo "2339"]
[BlackElo "1824"]
[Result "0-1"]
[Round "08"]
[TimeControl "180+2"]
[Date "2023.05.30"]
[WhiteClock "0:00:07"]
[BlackClock "0:00:11"]

1. d4 Nf6 2. c3 e6 3. Bg5 h6 4. Bh4 c5 5. e3 Be7 6. Nd2 Qb6 7. Qb3 Qxb3 8. axb3 cxd4 9. exd4 a6 10. Ngf3 d6 11. Nc4 Nbd7 12. Bxf6 Nxf6 13. Nb6 Rb8 14. Bd3 O-O 15. Nxc8 Rfxc8 16. O-O Nd5 17. Rfe1 Rc6 18. b4 Nf4 19. Bf1 Bf6 20. g3 Nd5 21. Ra5 Kf8 22. Bd3 Nc7 23. Be4 d5 24. Bd3 Ne8 25. Ne5 Bxe5 26. Rxe5 Nd6 27. Rc5 Rbc8 28. Re1 Nc4 29. Bxc4 dxc4 30. Rxc6 Rxc6 31. Re5 b5 32. f4 Ke7 33. Kf2 f6 34. Re1 Kd6 35. Kf3 Rc7 36. f5 e5 37. dxe5+ fxe5 38. Ke4 Re7 39. Rd1+ Kc6 40. g4 Re8 41. Rd5 h5 42. h3 hxg4 43. hxg4 Rh8 44. Rxe5 Rh2 45. Re6+ Kd7 46. Rxa6 Rxb2 47. Ra7+ Ke8 48. Rxg7 Rc2 49. f6 Rxc3 50. g5 Rc1 51. g6 Re1+ 52. Kf5 Rf1+ 53. Ke6 Re1+ 54. Kd6 Kf8 55. Rf7+ Kg8 56. Rb7 Rd1+ 57. Kc5 Rd8 58. Kxb5 Rc8 59. Rc7 Rxc7 60. Kb6 Rc8 61. Kb7 Rd8 62. b5 c3 63. b6 c2 64. f7+ Kg7 65. Kc7 c1=Q+ 66. Kxd8 Qd2+ 67. Kc7 Qc3+ 68. Kb8 Qg3+ 69. Ka8 Qxg6 70. b7 Qa6+ 71. Kb8 Kxf7 72. Kc7 Qc4+ 73. Kb6 Qb4+ 74. Kc7 Qc5+ 75. Kb8 Ke7 76. Ka8 Qa5+ 77. Kb8 Kd6 78. Kc8 Qc7# 0-1


[Site "https://www.chess.com"]

[Event "Titled Tuesday Blitz May 30 Early 2023"]
[White "Floresvillar Gonzalez, Luis Migu"]
[Black "KVAIDAN"]
[WhiteFideId "5100542"]
[WhiteElo "2040"]
[BlackElo "2303"]
[Result "0-1"]
[Round "08"]
[TimeControl "180+2"]
[Date "2023.05.30"]
[WhiteClock "0:00:00"]
[BlackClock "0:00:28"]

1. d4 e6 2. c3 f5 3. Nf3 Nf6 4. Bg5 h6 5. Bxf6 Qxf6 6. Nbd2 b6 7. Qc2 Bb7 8. e4 fxe4 9. Nxe4 Qf5 10. Bd3 Qh5 11. Ng3 Qa5 12. b4 Qa3 13. Bg6+ Kd8 14. Ne5 Ba6 15. Nf7+ Kc8 16. Nxh8 Nc6 17. Rb1 Nxd4 18. cxd4 Bxb4+ 19. Rxb4 Qxb4+ 20. Qd2 Qa3 21. Ne2 Kb7 22. Nf7 d6 23. O-O Rf8 24. Re1 Qa4 25. Be4+ d5 26. Bg6 Bc4 27. Ne5 Bb5 28. Bd3 Be8 29. Qc2 c5 30. Qxa4 Bxa4 31. dxc5 bxc5 32. Rb1+ Kc7 33. f3 c4 34. Nxc4 dxc4 35. Rc1 Rd8 36. Rxc4+ Kb6 37. Rxa4 Rxd3 38. Nf4 Re3 39. Re4 Ra3 40. Rxe6+ Kc5 41. Re2 g5 42. Ne6+ Kc4 43. h4 Kd3 44. Kf2 gxh4 45. Nf4+ Kd4 46. Rd2+ Ke5 47. Nd3+ Kf5 48. Nc5 Ra5 49. Ne4 Ra3 50. Re2 Ra6 51. Rd2 Kf4 52. Nc5 Ra3 53. Nd3+ Kf5 0-1


[Site "https://www.chess.com"]

[Event "Titled Tuesday Blitz May 30 Early 2023"]
[White "Mikhaylova, Irina"]
[Black "salgadoLO"]
[WhiteFideId "4109040"]
[WhiteElo "1975"]
[BlackElo "2195"]
[Result "1-0"]
[Round "08"]
[TimeControl "180+2"]
[Date "2023.05.30"]
[WhiteClock "0:01:34"]
[BlackClock "0:00:00"]

1. d4 d5 2. Nf3 e6 3. c4 Nf6 4. Nc3 a6 5. cxd5 exd5 6. Bg5 Be6 7. e3 Nbd7 8. Bd3 c6 9. Qc2 Bd6 10. O-O h6 11. Bh4 Qc7 12. a3 O-O 13. b4 Rfe8 14. Rab1 Bg4 15. Bg3 Bxf3 16. gxf3 Bxg3 17. hxg3 Qd6 18. Na4 Re7 19. Nc5 Nf8 20. Kg2 Rb8 21. Bf5 g6 22. Bh3 Kg7 23. a4 Ne6 24. f4 Nf8 25. Rfc1 g5 26. b5 g4 27. bxa6 gxh3+ 28. Kxh3 b6 29. Nb7 Qe6+ 30. Kg2 Qe4+ 31. Qxe4 Nxe4 32. Rxc6 Ne6 33. Rcxb6 Nd8 34. a7 Ra8 35. Nxd8 Rxd8 36. Rb8 Rxa7 37. Rxd8 Rxa4 38. Rxd5 Ra2 39. Rf1 Nc3 40. Rc5 Ne4 41. Re5 Nc3 42. Rc1 Ne2 43. Rc7 1-0


[Site "https://www.chess.com"]

[Event "Titled Tuesday Blitz May 30 Early 2023"]
[White "Andrew_Ledger"]
[Black "agvania123"]
[WhiteElo "2155"]
[BlackElo "2248"]
[Result "0-1"]
[Round "08"]
[TimeControl "180+2"]
[Date "2023.05.30"]
[WhiteClock "0:00:01"]
[BlackClock "0:00:06"]

1. c4 Nf6 2. g3 e6 3. Nf3 b6 4. Bg2 Bb7 5. O-O Be7 6. d4 d5 7. Nc3 O-O 8. Ne5 Nbd7 9. Bf4 c5 10. Rc1 cxd4 11. Qxd4 Bc5 12. Qd2 Qe7 13. Nxd7 Qxd7 14. Bg5 Be7 15. Bxf6 Bxf6 16. cxd5 Bxc3 17. Rxc3 exd5 18. Rd1 Rfd8 19. Rd3 h6 20. Bxd5 Bxd5 21. Rxd5 Qxd5 22. Qxd5 Rxd5 23. Rxd5 Rc8 24. Rd2 Rc1+ 25. Kg2 b5 26. f4 b4 27. Kf3 Ra1 28. b3 Rc1 29. Ke4 Kf8 30. h4 Ke7 31. Rd4 a5 32. Rd5 a4 33. bxa4 Rc2 34. e3 Rxa2 35. Rb5 Rxa4 36. Ke5 Ra3 37. e4 Rxg3 38. Rb7+ Kf8 39. Rxb4 g6 40. Kf6 Kg8 41. Rb8+ Kh7 42. Rb7 Rg4 43. Rxf7+ Kg8 44. Rg7+ Kf8 45. Rf7+ Kg8 46. f5 gxf5 47. exf5 Rxh4 48. Rc7 Re4 49. Rc8+ Kh7 50. Kf7 h5 51. f6 Kh6 52. Kg8 Rg4+ 53. Kf8 Rf4 54. f7 Kg6 55. Rc3 Rxf7+ 56. Ke8 Rf5 57. Ke7 Kg5 58. Ke6 Rf2 59. Ke5 Kg4 60. Rc4+ Kg3 61. Rc3+ Rf3 62. Rc4 h4 63. Rc8 h3 64. Rg8+ Kh2 65. Ke4 Rg3 66. Rh8 Kg1 67. Kf4 Kg2 68. Rh7 h2 69. Rh6 Rh3 70. Rg6+ Kf2 0-1


[Site "https://www.chess.com"]

[Event "Titled Tuesday Blitz May 30 Early 2023"]
[White "Clawitter, Craig"]
[Black "Lorparizangeneh, Shahin"]
[WhiteFideId "2023105"]
[BlackFideId "12521604"]
[WhiteElo "2203"]
[BlackElo "2526"]
[Result "0-1"]
[Round "08"]
[TimeControl "180+2"]
[Date "2023.05.30"]
[WhiteClock "0:00:07"]
[BlackClock "0:01:37"]

1. e4 e5 2. Nc3 Nc6 3. f4 exf4 4. Nf3 g5 5. g3 g4 6. Nh4 f3 7. d4 d6 8. Be3 Be7 9. Qd2 Bxh4 10. gxh4 Qxh4+ 11. Bf2 Qh6 12. Be3 Qg7 13. O-O-O Bd7 14. Nd5 O-O-O 15. Bb5 a6 16. Bxc6 Bxc6 17. Qa5 Bxd5 18. exd5 Ne7 19. Rd3 Nf5 20. Bf2 Rhe8 21. Rc3 Rd7 22. Rc6 Re2 23. Rxa6 bxa6 24. Qxa6+ Kd8 25. Re1 Qg5+ 26. Kb1 Qd2 27. Bh4+ Nxh4 0-1


[Site "https://www.chess.com"]

[Event "Titled Tuesday Blitz May 30 Early 2023"]
[White "Piesik, Piotr"]
[Black "Osiecki, Stanislaw"]
[WhiteFideId "1136194"]
[BlackFideId "1102990"]
[WhiteElo "2299"]
[BlackElo "2088"]
[Result "1-0"]
[Round "08"]
[TimeControl "180+2"]
[Date "2023.05.30"]
[WhiteClock "0:02:27"]
[BlackClock "0:01:07"]

1. Nf3 Nf6 2. g3 g6 3. Bg2 Bg7 4. O-O d6 5. d4 O-O 6. Nbd2 Nbd7 7. e4 e5 8. dxe5 dxe5 9. Qe2 Qe7 10. a4 a5 11. b3 Re8 12. Ba3 c5 13. Nc4 Nh5 14. Rfd1 b6 15. Nd6 Rd8 16. Nxc8 Raxc8 17. Bh3 Rc7 18. Bb2 f6 19. Nd2 Nf8 20. Nc4 Rxd1+ 21. Rxd1 Ne6 22. Nxb6 Nd4 23. Bxd4 exd4 24. Nd5 Qf7 25. Nxc7 Qxc7 26. Qc4+ Kh8 27. Rxd4 f5 28. Rd5 h6 29. exf5 Nf6 30. Rxc5 Qd7 31. Rc8+ Kh7 32. fxg6+ 1-0


[Site "https://www.chess.com"]

[Event "Titled Tuesday Blitz May 30 Early 2023"]
[White "MunichMouse"]
[Black "Guevara Sanchez, Erick Marvin"]
[BlackFideId "6700136"]
[WhiteElo "2251"]
[BlackElo "2040"]
[Result "1-0"]
[Round "08"]
[TimeControl "180+2"]
[Date "2023.05.30"]
[WhiteClock "0:00:12"]
[BlackClock "0:00:04"]

1. d4 e6 2. c4 c5 3. Nf3 cxd4 4. Nxd4 Nc6 5. Nxc6 bxc6 6. g3 d5 7. Bg2 Nf6 8. O-O Be7 9. Qc2 O-O 10. Rd1 Qc7 11. cxd5 exd5 12. Nc3 Bd6 13. Bg5 Nd7 14. Rac1 Qa5 15. Nxd5 Bb7 16. b4 Qb5 17. a4 Qa6 18. Ne7+ Bxe7 19. Bxe7 Ne5 20. Bxf8 Rxf8 21. b5 cxb5 22. axb5 Qxb5 23. Rb1 Qa6 24. Bxb7 Qf6 25. Qc7 h5 26. Rd6 Qf5 27. Rc1 Ng4 28. Bf3 h4 29. Rd8 Rxd8 30. Qxd8+ Kh7 31. Qxh4+ Nh6 32. Be4 g6 33. Bxf5 gxf5 34. Rc7 Kg7 35. Rxa7 Kg6 36. Ra6+ Kg7 37. Qf6+ Kh7 38. Qxh6+ Kg8 39. Ra8# 1-0


[Site "https://www.chess.com"]

[Event "Titled Tuesday Blitz May 30 Early 2023"]
[White "Atanasov, Radislav"]
[Black "Lakshmi C"]
[WhiteFideId "2901471"]
[BlackFideId "25035347"]
[WhiteElo "2077"]
[BlackElo "1942"]
[Result "1-0"]
[Round "08"]
[TimeControl "180+2"]
[Date "2023.05.30"]
[WhiteClock "0:00:03"]
[BlackClock "0:00:00"]

1. e4 g6 2. Nf3 Bg7 3. d4 d6 4. c3 Nd7 5. h3 e5 6. Be2 Qe7 7. O-O f6 8. Re1 Nh6 9. Bc4 Nf7 10. Nbd2 O-O 11. Nf1 Kh8 12. Ng3 c6 13. a4 Rb8 14. b4 Nd8 15. Ba3 Ne6 16. Qd2 b5 17. axb5 cxb5 18. Bb3 Nf4 19. Rad1 Bh6 20. Qa2 Nb6 21. Kh2 Rb7 22. Bc1 Rc7 23. Qb2 a6 24. Be3 Qe8 25. Rd2 Nc4 26. Bxc4 Rxc4 27. Red1 Qc6 28. dxe5 dxe5 29. Rd8 Kg8 30. Bc5 1-0


[Site "https://www.chess.com"]

[Event "Titled Tuesday Blitz May 30 Early 2023"]
[White "KSho99"]
[Black "Kriti Mayur Patel"]
[BlackFideId "35061780"]
[WhiteElo "2176"]
[BlackElo "1306"]
[Result "0-1"]
[Round "08"]
[TimeControl "180+2"]
[Date "2023.05.30"]
[WhiteClock "0:02:07"]
[BlackClock "0:02:13"]

1. Nf3 d5 2. e3 c5 3. b3 Nc6 4. Bb5 Bd7 5. Bb2 f6 6. d4 Qa5+ 7. Nc3 cxd4 8. Nxd4 e5 9. Nxc6 bxc6 10. Bd3 Bb4 11. O-O Bxc3 12. Bxc3 Qxc3 13. Qh5+ Ke7 0-1


[Site "https://www.chess.com"]

[Event "Titled Tuesday Blitz May 30 Early 2023"]
[White "Castillo Pena, Patricia Evarista"]
[Black "Brown, Raehanna"]
[WhiteFideId "6412106"]
[BlackFideId "7402740"]
[WhiteElo "1919"]
[BlackElo "1655"]
[Result "0-1"]
[Round "08"]
[TimeControl "180+2"]
[Date "2023.05.30"]
[WhiteClock "0:00:22"]
[BlackClock "0:00:14"]

1. d4 Nf6 2. Nf3 g6 3. Nc3 Bg7 4. e4 d6 5. Be3 Nbd7 6. Qd2 c5 7. dxc5 Nxc5 8. e5 Nfe4 9. Nxe4 Nxe4 10. Qb4 d5 11. Bb5+ Bd7 12. e6 fxe6 13. O-O O-O 14. Ng5 Nxg5 15. Bxg5 Bf6 16. Bh6 Rf7 17. c4 Bxb5 18. Qxb5 b6 19. Rad1 d4 20. c5 Qd5 21. b4 bxc5 22. Qxc5 Qxc5 23. bxc5 Rc8 24. Rc1 g5 25. Rfd1 Rc6 26. f4 gxf4 27. Bxf4 e5 28. Bg3 Rg7 29. Rd3 Bg5 30. Rc4 Be3+ 31. Kf1 e4 32. Rxe3 dxe3 33. Ke2 Rf7 34. Kxe3 Rf1 35. Kxe4 Ra1 36. a4 Ra2 37. Kd5 Rc8 38. c6 Rd2+ 39. Ke6 Re2+ 40. Be5 Kf8 41. Rf4+ Ke8 42. Rg4 Rxc6+ 43. Kd5 Ra6 44. Bc7 Kd7 45. Be5 Ra5+ 0-1


[Site "https://www.chess.com"]

[Event "Titled Tuesday Blitz May 30 Early 2023"]
[White "zano2023"]
[Black "Sanchez, Robert"]
[BlackFideId "2034360"]
[WhiteElo "2153"]
[BlackElo "1822"]
[Result "1-0"]
[Round "08"]
[TimeControl "180+2"]
[Date "2023.05.30"]
[WhiteClock "0:00:36"]
[BlackClock "0:01:39"]

1. c4 Nf6 2. Nc3 g6 3. d4 d6 4. g3 Bg7 5. Bg2 O-O 6. e4 Nbd7 7. Nge2 e5 8. d5 Qe7 9. O-O b6 10. b4 Nh5 11. Qd3 a5 12. Nb5 Qd8 13. Bd2 axb4 14. Bxb4 Nc5 15. Bxc5 bxc5 16. a4 f5 17. f3 fxe4 18. fxe4 Bd7 19. Rxf8+ Bxf8 20. Nec3 c6 21. dxc6 Bxc6 22. Rf1 Be7 23. Qf3 Qf8 24. Qg4 Qc8 25. Qxc8+ Rxc8 26. Bh3 Ra8 27. Be6+ Kh8 28. Rf7 Bg5 29. Kf2 1-0


[Site "https://www.chess.com"]

[Event "Titled Tuesday Blitz May 30 Early 2023"]
[White "Levitan, Caleb Levi"]
[Black "dDobravcan"]
[WhiteFideId "14332620"]
[WhiteElo "1963"]
[BlackElo "2102"]
[Result "1-0"]
[Round "08"]
[TimeControl "180+2"]
[Date "2023.05.30"]
[WhiteClock "0:00:03"]
[BlackClock "0:00:00"]

1. e4 c5 2. Nf3 e6 3. d4 cxd4 4. Nxd4 d6 5. Nc3 a6 6. Bc4 b5 7. Bb3 Nd7 8. Be3 Nc5 9. f3 Nf6 10. Qd2 Bb7 11. O-O-O h5 12. Nde2 Nxb3+ 13. axb3 Be7 14. h3 h4 15. Bg5 Qc7 16. Kb1 O-O-O 17. Nd4 Kb8 18. Be3 Rh5 19. Nce2 Rc8 20. Nf4 Rhh8 21. Nd3 e5 22. Nf5 Bf8 23. Nb4 g6 24. Nxd6 Rd8 25. Nxb5 Rxd2 26. Nxc7 Rxd1+ 27. Rxd1 Kxc7 28. Nd3 Bd6 29. c4 Re8 30. Kc2 Nd7 31. Bg5 Rh8 32. Be3 f6 33. c5 Be7 34. b4 f5 35. Nf2 Nf6 36. b3 fxe4 37. Nxe4 Nxe4 38. fxe4 Bxe4+ 39. Kc3 Bxg2 40. Rg1 Be4 41. Rg4 Bf5 42. Rg1 Rd8 43. Bf2 Rd3+ 44. Kc4 Rd2 45. Be3 Rc2+ 46. Kd5 Bf6 47. b5 axb5 48. Ra1 Rc3 49. Ra7+ Kb8 50. Rf7 Rd3+ 51. Kc6 1-0


[Site "https://www.chess.com"]

[Event "Titled Tuesday Blitz May 30 Early 2023"]
[White "Ciuffoletti, Paolo"]
[Black "Mirzanurov, Bulat"]
[WhiteFideId "807630"]
[BlackFideId "4184521"]
[WhiteElo "2143"]
[BlackElo "2005"]
[Result "1-0"]
[Round "08"]
[TimeControl "180+2"]
[Date "2023.05.30"]
[WhiteClock "0:00:40"]
[BlackClock "0:00:17"]

1. e4 c5 2. d4 cxd4 3. c3 dxc3 4. Nxc3 e6 5. Nf3 a6 6. Bc4 b5 7. Bb3 Nc6 8. O-O Na5 9. Bc2 Bb7 10. e5 Bc5 11. Ne4 Bxe4 12. Bxe4 Rc8 13. Qe2 Ne7 14. Bf4 O-O 15. Bxh7+ Kxh7 16. Ng5+ Kg6 17. Qg4 f5 18. exf6 Rxf6 19. Nxe6+ Kf7 20. Nxd8+ Rxd8 21. Qh5+ Ng6 22. Bg5 Rf5 23. Qg4 Re5 24. Bxd8 Nc6 25. Bc7 Re6 26. Bg3 Nce5 27. Qf5+ Kg8 28. Rac1 Bd6 29. Rc8+ Nf8 30. Bxe5 Rxe5 31. Rxf8+ Bxf8 32. Qxe5 d6 33. Qe6+ Kh7 34. Rd1 b4 35. Rd3 g5 36. Qf7+ Kh8 37. Rh3+ Bh6 38. Rxh6# 1-0


[Site "https://www.chess.com"]

[Event "Titled Tuesday Blitz May 30 Early 2023"]
[White "Kiseljova, Marya"]
[Black "Winkels, Marcel"]
[WhiteFideId "4155009"]
[BlackFideId "1003887"]
[WhiteElo "1831"]
[BlackElo "1900"]
[Result "0-1"]
[Round "08"]
[TimeControl "180+2"]
[Date "2023.05.30"]
[WhiteClock "0:00:16"]
[BlackClock "0:01:10"]

1. d4 Nf6 2. c4 g6 3. Nc3 d5 4. cxd5 Nxd5 5. Bd2 Bg7 6. e4 Nxc3 7. Bxc3 Nc6 8. Nf3 Bg4 9. Bb5 O-O 10. Bxc6 bxc6 11. Qd2 Rb8 12. Rd1 Bxf3 13. gxf3 Qd7 14. h4 h5 15. f4 Rbd8 16. f5 Kh7 17. Qg5 Bh6 18. Qg3 gxf5 19. e5 Rg8 20. Qf3 e6 21. Qxh5 Qd5 22. Ke2 Qe4+ 23. Kf1 Qxh1+ 24. Ke2 Qe4+ 25. Kf1 Rg7 26. Bd2 Qd3+ 27. Ke1 Rg1# 0-1


[Site "https://www.chess.com"]

[Event "Titled Tuesday Blitz May 30 Early 2023"]
[White "Nepomniachtchi, Ian"]
[Black "Nihal Sarin"]
[WhiteFideId "4168119"]
[BlackFideId "25092340"]
[WhiteElo "2781"]
[BlackElo "2689"]
[Result "0-1"]
[Round "09"]
[TimeControl "180+2"]
[Date "2023.05.30"]
[WhiteClock "0:00:00"]
[BlackClock "0:00:05"]

1. e4 e5 2. f4 Bc5 3. Nf3 d6 4. c3 Nf6 5. d4 exd4 6. cxd4 Bb4+ 7. Bd2 Bxd2+ 8. Nbxd2 O-O 9. Bd3 Nc6 10. O-O Nb4 11. Bb1 c5 12. a3 Nc6 13. d5 Ne7 14. Qc2 Ng6 15. g3 b5 16. a4 Bh3 17. Re1 a6 18. Ng5 Bd7 19. axb5 axb5 20. Rxa8 Qxa8 21. Ndf3 h6 22. Nxf7 Rxf7 23. e5 Qxd5 24. Qxg6 dxe5 25. Nxe5 Qd4+ 26. Kf1 Bh3+ 27. Ke2 Re7 28. Qd3 Qxb2+ 29. Bc2 c4 30. Qd2 c3 31. Qd3 Be6 32. Kf1 Qb4 33. Qe3 Qb2 34. Re2 Qb4 35. Kg2 Bd5+ 36. Kh3 Qd6 37. Qxc3 b4 38. Qe3 b3 39. Bb1 Qe6+ 40. g4 Qd6 41. Kg3 b2 42. h4 g5 43. hxg5 hxg5 44. Qd3 gxf4+ 45. Kxf4 Rxe5 46. Rxe5 Nd7 47. Qh7+ Kf8 48. Qh8+ Bg8 49. Ba2 Qxe5+ 50. Qxe5 Nxe5 51. Bb1 Nc4 52. g5 Kg7 53. g6 Na3 54. Be4 Bb3 0-1


[Site "https://www.chess.com"]

[Event "Titled Tuesday Blitz May 30 Early 2023"]
[White "Le, Tuan Minh"]
[Black "Martinez Alcantara, Jose Eduardo"]
[WhiteFideId "12401153"]
[BlackFideId "3805662"]
[WhiteElo "2566"]
[BlackElo "2711"]
[Result "1/2-1/2"]
[Round "09"]
[TimeControl "180+2"]
[Date "2023.05.30"]
[WhiteClock "0:00:06"]
[BlackClock "0:00:11"]

1. d4 Nf6 2. Nf3 e6 3. c4 Bb4+ 4. Nbd2 O-O 5. a3 Be7 6. e4 d6 7. Bd3 Nfd7 8. O-O a5 9. b3 e5 10. Bb2 exd4 11. Nxd4 Bf6 12. Rb1 Nc6 13. N2f3 Nc5 14. h3 h6 15. Re1 Re8 16. Bc2 Bd7 17. Nb5 Bxb2 18. Rxb2 Ne5 19. Nxe5 dxe5 20. Nc3 Ne6 21. b4 c6 22. Ne2 Qe7 23. Qd2 Red8 24. Qc3 Qf6 25. bxa5 Nc5 26. Qb4 Qe7 27. Nc1 Kf8 28. Nd3 Nxd3 29. Bxd3 Ra7 30. Bf1 Be8 31. Reb1 c5 32. Qb6 Rda8 33. Rd2 Rxa5 34. Qxb7 Qxb7 35. Rxb7 Rxa3 36. Rc7 Ra1 37. g3 f6 38. Kg2 R1a7 39. Rxc5 Ke7 40. Be2 Rb8 41. f4 exf4 42. gxf4 g5 43. fxg5 hxg5 44. Bg4 Rb6 45. e5 Rc6 46. exf6+ Kxf6 47. Rxc6+ Bxc6+ 48. Kf2 Ke5 49. c5 Ra5 50. Rc2 Kd4 51. Bf3 Bxf3 52. Kxf3 Rxc5 53. Rxc5 Kxc5 54. Kg4 Kd6 55. Kxg5 Ke7 56. Kg6 Kf8 57. h4 Kg8 58. h5 Kh8 59. h6 Kg8 60. h7+ Kh8 61. Kh6 1/2-1/2


[Site "https://www.chess.com"]

[Event "Titled Tuesday Blitz May 30 Early 2023"]
[White "Deac, Bogdan-Daniel"]
[Black "Dubov, Daniil"]
[WhiteFideId "1226380"]
[BlackFideId "24126055"]
[WhiteElo "2649"]
[BlackElo "2793"]
[Result "0-1"]
[Round "09"]
[TimeControl "180+2"]
[Date "2023.05.30"]
[WhiteClock "0:00:00"]
[BlackClock "0:00:03"]

1. Nf3 Nf6 2. g3 b6 3. d4 c5 4. d5 g6 5. c4 Bg7 6. Nc3 O-O 7. Bg2 d6 8. O-O Re8 9. h3 Na6 10. Re1 Nc7 11. e4 e5 12. dxe6 Bxe6 13. e5 dxe5 14. Nxe5 Qxd1 15. Rxd1 Rad8 16. Bf4 Rxd1+ 17. Rxd1 Nh5 18. Nxg6 Nxf4 19. Nxf4 Bxc4 20. Rd7 Ne6 21. Nh5 Rd8 22. Rxa7 Be5 23. Bf1 Bxf1 24. Kxf1 h6 25. Rb7 Rd2 26. Rxb6 Bxc3 27. bxc3 Rxa2 28. Rd6 Rc2 29. Rd3 Kh7 30. g4 Ng5 31. Re3 Ne6 32. Kg2 Kg6 33. Kg3 Kh7 34. f4 Kg8 35. f5 Nc7 36. Kh4 Kf8 37. Rd3 Ke7 38. Nf4 Nb5 39. Re3+ Kd6 40. Ne2 Kd5 41. Kh5 Kc4 42. Kxh6 Nd6 43. Kg7 Rd2 44. h4 Rd1 45. h5 Rh1 46. h6 Rh4 47. h7 Rxg4+ 48. Kf8 Rh4 0-1


[Site "https://www.chess.com"]

[Event "Titled Tuesday Blitz May 30 Early 2023"]
[White "Naroditsky, Daniel"]
[Black "Lazavik, Denis"]
[WhiteFideId "2026961"]
[BlackFideId "13515110"]
[WhiteElo "2633"]
[BlackElo "2560"]
[Result "1-0"]
[Round "09"]
[TimeControl "180+2"]
[Date "2023.05.30"]
[WhiteClock "0:00:03"]
[BlackClock "0:00:01"]

1. d4 Nf6 2. Nc3 d5 3. Bf4 c5 4. e4 cxd4 5. Qxd4 Nc6 6. Bb5 Bd7 7. Bxc6 Bxc6 8. e5 Nd7 9. e6 fxe6 10. Nf3 Qb6 11. Qd2 d4 12. Qxd4 Qxd4 13. Nxd4 Bxg2 14. Nxe6 Bxh1 15. Nc7+ Kd8 16. Nxa8 e5 17. Bg5+ Kc8 18. O-O-O Bc6 19. Nd5 Bd6 20. Be7 Bb8 21. Nb4 Re8 22. Bg5 Be4 23. Re1 Bc6 24. Rd1 h6 25. Be3 Bf3 26. Rd3 b6 27. Nd5 Bxd5 28. Rxd5 Nf6 29. Rb5 Re6 30. Bxb6 axb6 31. Nxb6+ Kd8 32. Nc4 Bc7 33. a4 e4 34. a5 Bxh2 35. b4 Bc7 36. Rb7 h5 37. b5 Nd5 38. b6 Bf4+ 39. Kb2 h4 40. a6 Nxb6 41. Nxb6 Be5+ 42. Kb3 Rxb6+ 43. Rxb6 1-0


[Site "https://www.chess.com"]

[Event "Titled Tuesday Blitz May 30 Early 2023"]
[White "Kuzubov, Yuriy"]
[Black "Duda, Jan-Krzysztof"]
[WhiteFideId "14112906"]
[BlackFideId "1170546"]
[WhiteElo "2496"]
[BlackElo "2790"]
[Result "1-0"]
[Round "09"]
[TimeControl "180+2"]
[Date "2023.05.30"]
[WhiteClock "0:00:09"]
[BlackClock "0:00:03"]

1. d4 Nf6 2. c4 e6 3. Nc3 Bb4 4. Qc2 c5 5. dxc5 Na6 6. a3 Bxc3+ 7. Qxc3 Nxc5 8. f3 a5 9. Bf4 a4 10. Rd1 b6 11. e4 O-O 12. Nh3 d5 13. e5 Nh5 14. Be3 f5 15. cxd5 exd5 16. Rxd5 Qe8 17. Bxc5 bxc5 18. Bc4 Kh8 19. O-O f4 20. Nf2 Bf5 21. Re1 Rc8 22. e6 Qe7 23. Qe5 Bg6 24. Rd7 Qh4 25. e7 Rfe8 26. Ba6 Rb8 27. Qxc5 Nf6 28. Rd2 h6 29. Bb5 Rec8 30. Qe5 Kh7 31. Rde2 Rb6 32. Nh3 Be8 33. Bxe8 Rxe8 34. Qf5+ Kg8 35. Nxf4 Qg5 36. Qxg5 hxg5 37. Nd3 g4 38. fxg4 Nxg4 39. Nc5 Nf6 40. Nxa4 Rc6 41. Nc3 Kf7 42. a4 Rc5 43. h3 Ng8 44. Ne4 Rc6 45. Ng5+ Kg6 46. h4 Kh5 47. g3 Rc4 48. Kg2 Rxa4 49. Kh3 Nf6 50. Ne6 Kg6 51. Nf4+ Kf7 52. Re3 Rb4 53. b3 Rb7 54. Nd3 Rb5 55. Ne5+ Kg8 56. Ng4 Nd7 57. Rd3 Rb7 58. Rd6 Nc5 59. Rd8 Kf7 60. Ne5+ Kxe7 61. Nc6+ Kf6 62. Rdxe8 Rxb3 63. Rf8+ Kg6 64. Ne7+ Kh7 65. Nd5 Nd3 66. Re3 Ra3 67. Rff3 Ra5 68. Rxd3 Kh6 69. Ne3 g5 70. Ng4+ Kg7 71. h5 Ra7 72. Rd6 Kh7 73. Rh6+ Kg7 74. Rg6+ Kh8 75. Rf8+ 1-0


[Site "https://www.chess.com"]